 Dungeon Crawl Stone Soup version 0.22-a0-608-g8a62e23 (webtiles) character file.

44326 royokou the Severer (level 13, -17/123 HPs)
             Began as a Minotaur Berserker on July 10, 2018.
             Was an Elder of Trog.
             Demolished by a death yak (20 damage)
             ... on level 5 of the Lair of Beasts.
             The game lasted 00:56:05 (18966 turns).

royokou the Severer (Minotaur Berserker)           Turns: 18966, Time: 00:56:06

Health: -17/123    AC: 17    Str: 28    XL:     13   Next: 95%
Magic:  4/4        EV: 11    Int:  4    God:    Trog [****..]
Gold:   1100       SH:  0    Dex: 14    Spells: 12/12 levels left

rFire    + . .     SeeInvis .   N - +3 battleaxe (antimagic)
rCold    + . .     Gourm    .   (shield currently unavailable)
rNeg     . . .     Faith    .   H - +0 plate armour {rC+}
rPois    .         Spirit   .   (helmet restricted)
rElec    .         Reflect  .   (no cloak)
rCorr    .         Harm     .   P - +0 pair of gloves
MR       +....                  (no boots)
Stlth    ..........             (no amulet)
HPRegen  0.30/turn              O - ring of protection from magic
MPRegen  0.09/turn              J - ring of protection from fire

@: mighty, berserk cooldown, starving, slowed, very slow
A: retaliatory headbutt, horns 2
a: Berserk, Trog's Hand, Brothers in Arms, Renounce Religion


You were on level 5 of the Lair of Beasts.
You worshipped Trog.
Trog was greatly pleased with you.
You were starving.

You visited 2 branches of the dungeon, and saw 18 of its levels.
You also visited: Ossuary.

You collected 1100 gold pieces.

Inventory:

Hand Weapons
 h - a +3 morningstar
 N - a +3 antimagic battleaxe (weapon)
Armour
 f - a +1 plate armour
 H - a +0 plate armour of cold resistance (worn)
 P - a +0 pair of gloves (worn)
Jewellery
 j - a +3 ring of strength
 t - a +2 ring of intelligence
 y - an uncursed amulet of rage {unknown}
 z - an uncursed amulet of magic regeneration
 D - a +3 ring of strength
 E - a +2 ring of evasion
 J - a ring of protection from fire (right hand)
 M - an uncursed ring of ice
 O - a ring of protection from magic (left hand)
Wands
 m - a wand of flame (98)
 o - a wand of disintegration (13)
 I - a wand of iceblast (16)
 K - a wand of digging (24)
Scrolls
 a - a scroll of vulnerability {unknown}
 b - a scroll of blinking {unknown}
 d - 6 scrolls of remove curse
 s - 2 scrolls of fear
 u - 2 scrolls of amnesia
 v - 7 scrolls of teleportation
 w - 2 scrolls of enchant armour
 x - 5 scrolls of magic mapping
 F - 2 scrolls of enchant weapon
 L - 5 scrolls of identify
Potions
 e - 9 potions of curing
 g - 2 potions of berserk rage {unknown}
 i - 5 potions of lignification
 k - 3 potions of might
 l - 6 potions of haste
 n - 4 potions of ambrosia
 p - 5 potions of agility {unknown}
 q - 3 potions of magic
 r - 6 potions of brilliance
 A - 3 potions of flight {unknown}
 B - 2 potions of cancellation
 G - 5 potions of degeneration {unknown}
 Q - a potion of mutation {unknown}
Comestibles
 c - 27 rations


   Skills:
 + Level 13.8 Fighting
 * Level 19.4 Axes
 + Level 13.6 Armour
 + Level 6.1 Dodging


You had 12 spell levels left.
You didn't know any spells.
Your spell library was empty.

Dungeon Overview and Level Annotations

Branches:
Dungeon (12/15)            Temple (0/1) D:6            Lair (6/6) D:8
 Shoals (0/4) Lair:3        Snake (0/4) Lair:4        Slime (0/5) Lair:6
    Orc: D:9-12

Altars:
Ashenzari
Elyvilon
Fedhas
Gozag
Hepliaklqana
Kikubaaqudgha
Makhleb
Okawaru
Qazlal
Ru
Uskayaw
Wu Jian
Zin
The Shining One
Beogh
Jiyva

Shops:
D:5 *[=   D:7 :

Annotations:
D:4 3 runed doors, pmoppi's ghost, amateur VSTm


Innate Abilities, Weirdness & Mutations

You reflexively headbutt those who attack you in melee.
You have a pair of horns on your head.


Message History

* * * LOW HITPOINT WARNING * * *
You feel better. The death yak gores you.
* * * LOW HITPOINT WARNING * * *
The death yak gores you.
* * * LOW HITPOINT WARNING * * *
You hit the death yak.
The death yak is heavily wounded.
The death yak closely misses you.
You slash the death yak!
The death yak is severely wounded.
The death yak gores you.
* * * LOW HITPOINT WARNING * * *
You slash the death yak!
The death yak is almost dead.
The death yak gores you.
* * * LOW HITPOINT WARNING * * *
You slash the death yak!
The death yak is almost dead.
The death yak gores you!!
You die...

##.......... ### #............
### #.# ###........≈... ##.#
###.#######........;;≈≈(.
#.####.(................;;≈≈≈.
#......................≈≈≈≈>;≈
#####..##.#.>..............≈..:(;
...P..##.......#...#......;;;(≈≈;
......#........#@#..........≈≈≈≈.
.#####.P.......÷Y..P........≈≈≈≈.
.#####P.......#..†...............
###.####....#.#....P.............
.#P..##......#.P.P....#..........
...................#..##.........
P..#...#......##.......#.........
##..#..#......P#P.....#..........
###.###...............#......#..


You could see a death yak.

Vanquished Creatures
  5 hydras
  Harold (Lair:2)
  Josephine (D:11)
  Fannar (D:11)
  A two-headed ogre (D:8)
  4 death yaks
  Nergalle (Lair:4)
  2 ugly things (D:11)
  A cyclops (D:11)
  5 black mambas
  12 elephants
  A gargoyle (D:10)
  11 spiny frogs
  A rime drake (Lair:5)
  3 komodo dragons
  6 polar bears
  2 trolls (D:11)
  2 hornets
  7 blink frogs
  11 dream sheep (Lair:6)
  8 hippogriffs
  A wyvern (Lair:4)
  3 wraiths (D:11)
  2 basilisks
  39 yaks
  A hungry ghost (D:7)
  Edmund (D:4)
  An acid dragon (D:11)
  5 porcupines
  5 orc warriors
  4 sky beasts
  9 water moccasins
  A black bear (D:8)
  6 ogres
  A phantom (D:11)
  5 wolves (Lair:4)
  13 centaurs
  9 crocodiles
  A big kobold (D:9)
  18 bullfrogs
  A gnoll sergeant (D:7)
  4 scorpions
  9 wights
  5 killer bees (D:10)
  3 howler monkeys (D:7)
  5 crimson imps
  2 centaur zombies
  4 hounds
  A jelly (D:8)
  2 bullfrog skeletons
  A human zombie (Ossuary)
  3 orc priests
  2 centaur skeletons
  Terence (D:2)
  Natasha (twice) (D:2)
  9 orc wizards
  11 worker ants
  A killer bee zombie (D:5)
  A hound zombie (D:6)
  A hound skeleton (D:5)
  3 mummies (Ossuary)
  7 gnolls
  2 howler monkey skeletons
  8 adders
  3 shadow imps
  An ooze (D:4)
  2 adder zombies (Ossuary)
  6 leopard geckos
  22 orcs
  A ball python (D:4)
  12 bats
  4 giant cockroaches
  6 goblins
  6 hobgoblins
  19 jackals
  6 kobolds
  A quokka (D:2)
  6 frilled lizards
  2 gnoll zombies (Ossuary)
  A goblin zombie (Ossuary)
  A hobgoblin zombie (Ossuary)
  3 kobold zombies (Ossuary)
  5 quokka zombies (Ossuary)
  3 rats
  3 rat zombies (Ossuary)
  A bush (Lair:5)
  9 fungi
  A plant (Lair:6)
423 creatures vanquished.

Vanquished Creatures (collateral kills)
  4 hydras
  An elephant (Lair:5)
5 creatures vanquished.

Vanquished Creatures (others)
  A hydra (Lair:6)
  36 fungi
  41 plants
78 creatures vanquished.

Grand Total: 506 creatures vanquished

Notes
Turn   | Place    | Note
-------+----------+-------------------------------------------
     0 | D:1      | royokou the Minotaur Berserker began the quest for the Orb.
     0 | D:1      | Reached XP level 1. HP: 19/19 MP: 0/0
    68 | D:1      | Reached skill level 4 in Axes
    81 | D:1      | Reached XP level 2. HP: 15/26 MP: 1/1
   626 | D:1      | Reached skill level 5 in Axes
   651 | D:1      | Reached XP level 3. HP: 31/31 MP: 2/2
   909 | D:2      | Reached ** piety under Trog
   960 | D:2      | Noticed Terence
   972 | D:2      | Killed Terence
  1039 | D:2      | Noticed Natasha
  1048 | D:2      | Killed Natasha
  1048 | D:2      | Reached skill level 6 in Axes
  1048 | D:2      | Reached XP level 4. HP: 39/39 MP: 3/3
  1269 | D:2      | Found a sacrificial altar of Ru.
  1378 | D:2      | Noticed Natasha
  1387 | D:2      | Killed Natasha
  1595 | D:2      | Reached skill level 7 in Axes
  1595 | D:2      | Reached XP level 5. HP: 42/45 MP: 4/4
  2106 | D:3      | Noticed a sky beast
  2115 | D:3      | Killed a sky beast
  2115 | D:3      | Reached skill level 8 in Axes
  2293 | D:3      | Reached XP level 6. HP: 51/51 MP: 5/5
  2474 | D:3      | Found a shattered altar of Ashenzari.
  2522 | D:3      | Found a hazy altar of Hepliaklqana.
  3034 | D:4      | Found a runed gate.
  3034 | D:4      | Noticed pmoppi's ghost (amateur VSTm)
  3035 | D:4      | Found a runed gate.
  3036 | D:4      | Found a runed gate.
  3036 | D:4      | Found a roughly hewn altar of Beogh.
  3042 | D:4      | Reached *** piety under Trog
  3064 | D:4      | Reached skill level 9 in Axes
  3157 | D:4      | Noticed Edmund
  3164 | D:4      | Killed Edmund
  3164 | D:4      | Reached XP level 7. HP: 59/59 MP: 6/6
  3240 | D:4      | Found an ornate altar of the Wu Jian Council.
  3240 | D:4      | Found a stormy altar of Qazlal.
  3242 | D:4      | Found a blossoming altar of Fedhas.
  3243 | D:4      | Found an ancient bone altar of Kikubaaqudgha.
  3243 | D:4      | Found a glowing silver altar of Zin.
  3751 | D:5      | Entered Level 5 of the Dungeon
  3751 | D:5      | Found Saxeul Jesi's Armour Boutique.
  4030 | D:5      | Reached skill level 5 in Fighting
  4032 | D:5      | Reached skill level 10 in Axes
  4049 | D:5      | Reached XP level 8. HP: 36/68 MP: 7/7
  4277 | D:5      | Found a glowing golden altar of the Shining One.
  4404 | D:5      | Reached skill level 5 in Armour
  4463 | D:5      | Found Hiolloal's General Store.
  4595 | D:5      | Found Xatick's Jewellery Boutique.
  4989 | D:6      | Reached skill level 11 in Axes
  4991 | D:6      | Reached **** piety under Trog
  5129 | D:6      | Found a staircase to the Ecumenical Temple.
  5182 | D:6      | Found a sand-covered staircase.
  5200 | Ossuary  | Entered an ossuary
  5523 | D:6      | Found a glowing golden altar of the Shining One.
  5705 | D:6      | Reached XP level 9. HP: 78/78 MP: 8/8
  5903 | D:6      | Found an opulent altar of Gozag.
  6315 | D:7      | Reached skill level 12 in Axes
  6786 | D:7      | Found Idag's Book Emporium.
  6816 | D:7      | Found an iron altar of Okawaru.
  6823 | D:7      | Found a hide-covered altar of Uskayaw.
  7302 | D:7      | Reached skill level 13 in Axes
  7638 | D:8      | Reached XP level 10. HP: 89/90 MP: 9/9
  7665 | D:8      | Found a staircase to the Lair.
  7682 | D:8      | Noticed a two-headed ogre
  7690 | D:8      | Killed a two-headed ogre
  7983 | D:8      | Found a white marble altar of Elyvilon.
  8199 | D:9      | Identified a scroll of acquirement
  8308 | D:9      | Reached ***** piety under Trog
  8311 | D:9      | Reached skill level 14 in Axes
  9014 | D:10     | Entered Level 10 of the Dungeon
  9138 | D:10     | Noticed a gargoyle
  9147 | D:10     | Killed a gargoyle
  9669 | D:11     | Found a glowing golden altar of the Shining One.
  9690 | D:11     | Reached skill level 10 in Fighting
  9797 | D:11     | Reached XP level 11. HP: 89/99 MP: 10/10
  9936 | D:11     | Noticed Fannar
  9953 | D:11     | Killed Fannar
  9953 | D:11     | Reached skill level 15 in Axes
 10115 | D:11     | Noticed a red ugly thing
 10122 | D:11     | Killed a red ugly thing
 10122 | D:11     | Reached skill level 10 in Armour
 10153 | D:11     | Noticed Josephine
 10162 | D:11     | Killed Josephine
 10349 | D:11     | Noticed a cyan ugly thing
 10358 | D:11     | Killed a cyan ugly thing
 10944 | D:11     | Paralysed by a hornet for 3 turns
 11314 | Lair:1   | Entered Level 1 of the Lair of Beasts
 11608 | Lair:1   | Reached skill level 16 in Axes
 12707 | Lair:2   | Reached XP level 12. HP: 88/110 MP: 11/11
 12882 | Lair:2   | Reached skill level 17 in Axes
 13390 | Lair:2   | Received a gift from Trog
 13483 | Lair:2   | Noticed a four-headed hydra
 13495 | Lair:2   | Killed a four-headed hydra
 13515 | Lair:2   | Noticed a seven-headed hydra
 13522 | Lair:2   | Killed a seven-headed hydra
 13856 | Lair:2   | Noticed Harold
 13869 | Lair:2   | Killed Harold
 14228 | Lair:3   | Noticed a five-headed hydra
 14250 | Lair:2   | Killed a five-headed hydra
 14250 | Lair:2   | Reached skill level 18 in Axes
 14460 | Lair:3   | Found a staircase to the Shoals.
 14799 | Lair:3   | Noticed an eight-headed hydra
 14804 | Lair:3   | Killed an eight-headed hydra
 15255 | Lair:4   | Noticed a seven-headed hydra
 15259 | Lair:4   | Killed a seven-headed hydra
 15259 | Lair:4   | Reached XP level 13. HP: 119/119 MP: 4/12
 15453 | Lair:4   | Found a staircase to the Snake Pit.
 15464 | Lair:4   | Noticed Nergalle
 15475 | Lair:4   | Killed Nergalle
 16975 | Lair:5   | Reached skill level 5 in Dodging
 17441 | Lair:6   | Entered Level 6 of the Lair of Beasts
 17453 | Lair:6   | Reached skill level 19 in Axes
 17913 | Lair:6   | Received a gift from Trog
 18386 | Lair:6   | Found a viscous altar of Jiyva.
 18386 | Lair:6   | Found a staircase to the Slime Pits.
 18631 | Lair:6   | Found a burning altar of Makhleb.
 18965 | Lair:5   | HP: 3/123 [death yak (6)]
 18966 | Lair:5   | Demolished by a death yak

Vault maps used:
D:1:      lightli_arrival_chessboard, hangedman_decor_riveting, minivault_14
D:2:      nicolae_ru_awakened_eye, uniq_natasha, uniq_terence
D:3:      lemuel_round_altar, lemuel_doored_altar
D:4:      grunt_temple_overflow_open, first_ration, biasface_ghost_orc_armoury,
          minmay_misc_feat_plants, uniq_edmund
D:5:      serial_shops, shop, shop, shop, nicolae_tso_carved_into_rock
D:6:      grunt_gozag_statues, nicolae_overflow_hidden_temple,
          minmay_temple_entry_statues, enter_ossuary_1, uniq_eustachio
D:7:      minitemple, serial_shops, shop
D:8:      kennysheep_mini_moat, due_lair_maze_entry_diamond
D:9:      serial_bayou_pond_e, blue_anna_alchemist
D:11:     basic_altar, uniq_josephine, uniq_fannar
D:12:     david_orc_5, serial_shops, shop
Lair:1:   serial_bayou_shore_b
Lair:2:   cheibrodos_lair_lostbears, uniq_harold
Lair:3:   minmay_shoals_entry_centaurs
Lair:4:   dummy_snake_entry, lab_entry_generic, grunt_megastairs_2,
          infiniplex_staircase_pool, lemuel_fruit_tree, uniq_nergalle
Lair:5:   beast_lair_carwin_large_3, disabler_island
Lair:6:   guppyfry_lair_end_dragon, dpeg_slime_entry_enclosed_altar,
          minivault_26, lemuel_centaur_altar
Ossuary:  ossuary_minmay_chase

Skill      XL: |  1  2  3  4  5  6  7  8  9 10 11 12 13 |
---------------+----------------------------------------+-----
Axes           | 4 5 6 7 8 9 10 11 13 14 16 18 19 | 19.4
Fighting       | 4 5 6 8 10 11 12 13 | 13.8
Armour         | 3 4 6 8 9 11 12 13 | 13.6
Dodging        | 3 6 |  6.1

Action                   |  1- 3 |  4- 6 |  7- 9 | 10-12 | 13-15 || total
-------------------------+-------+-------+-------+-------+-------++-------
Melee: Hand axe          |    80 |   123 |   320 |    21 |       ||   544
       Headbutt          |    11 |    15 |    74 |   110 |    50 ||   260
       Broad axe         |       |       |       |   293 |       ||   293
       Battleaxe         |       |       |       |   129 |   225 ||   354
Invok: Berserk           |     1 |     3 |    11 |    15 |     5 ||    35
       Trog's Hand       |       |       |     1 |     6 |     5 ||    12
       Brothers in Arms  |       |       |       |     6 |     2 ||     8
Evoke: Wand              |       |       |       |    13 |    24 ||    37
  Use: Scroll            |       |     6 |    10 |     3 |     2 ||    21
       Potion            |       |       |     3 |       |     6 ||     9
  Eat: Chunk             |     1 |     6 |    17 |    31 |    14 ||    69
       Ration            |       |     1 |     3 |     3 |     1 ||     8
Armor: Animal skin       |     9 |       |       |       |       ||     9
       Chain mail        |    35 |    58 |    33 |       |       ||   126
       Plate armour      |       |       |   132 |   248 |   125 ||   505
Dodge: Dodged            |    46 |    51 |   111 |   197 |   114 ||   519

Table legend:
 A = Spawn XP
 B = Non-spawn XP
 C = Spawn XP percentage of total XP
 D = Spawn monster count
 E = Non-spawn monster count
 F = Spawn count percentage of total count
 G = Total turns spent on level
                    A         B        C        D         E        F      G
               +---------+---------+-------+---------+---------+-------+---------
         Total |       0 |   63323 |   0.0 |       0 |     417 |   0.0 | 18966
               +---------+---------+-------+---------+---------+-------+---------
           D:1 |       0 |      41 |   0.0 |       0 |      22 |   0.0 |   804
           D:2 |       0 |     185 |   0.0 |       0 |      28 |   0.0 |  1175
           D:3 |       0 |     278 |   0.0 |       0 |      19 |   0.0 |   986
           D:4 |       0 |     514 |   0.0 |       0 |      18 |   0.0 |   994
           D:5 |       0 |    1036 |   0.0 |       0 |      27 |   0.0 |   957
           D:6 |       0 |     847 |   0.0 |       0 |      18 |   0.0 |  1171
           D:7 |       0 |    1757 |   0.0 |       0 |      26 |   0.0 |  1198
           D:8 |       0 |    2394 |   0.0 |       0 |      18 |   0.0 |   728
           D:9 |       0 |     984 |   0.0 |       0 |      13 |   0.0 |   824
          D:10 |       0 |    1875 |   0.0 |       0 |      19 |   0.0 |   643
          D:11 |       0 |    6781 |   0.0 |       0 |      31 |   0.0 |  1614
        Lair:1 |       0 |    3424 |   0.0 |       0 |      16 |   0.0 |  1190
        Lair:2 |       0 |   12204 |   0.0 |       0 |      44 |   0.0 |  1643
        Lair:3 |       0 |    5383 |   0.0 |       0 |      20 |   0.0 |  1106
        Lair:4 |       0 |    5564 |   0.0 |       0 |      21 |   0.0 |   727
        Lair:5 |       0 |   11521 |   0.0 |       0 |      28 |   0.0 |  2030
        Lair:6 |       0 |    8411 |   0.0 |       0 |      28 |   0.0 |   956
       Ossuary |       0 |     124 |   0.0 |       0 |      21 |   0.0 |   201
               +---------+---------+-------+---------+---------+-------+---------
